 Dungeon Crawl Stone Soup version 0.26-a0-1086-g9010512d90 (webtiles) character file.

Game seed: 15910032875213520698

14142 robertstho the Frost Mage (level 12, -4/91 HPs)
             Began as a Gnoll Ice Elementalist on Dec 14, 2020.
             Was a High Priest of Sif Muna.
             Killed from afar by Frances (30 damage)
             ... with a shard of ice
             ... on level 12 of the Dungeon.
             The game lasted 00:24:33 (14986 turns).

robertstho the Frost Mage (Gnoll Ice Elementalist) Turns: 14986, Time: 00:24:36

Health: -4/91      AC: 12    Str: 18    XL:     12   Next: 13%
Magic:  6/24       EV: 18    Int: 21    God:    Sif Muna [*****.]
Gold:   161        SH:  0    Dex: 16    Spells: 13/28 levels left

rFire    . . .     SeeInvis +   t - +2 war axe (venom)
rCold    . . .     Faith    .   (no shield)
rNeg     . . .     Spirit   .   O - +0 steam dragon scales
rPois    .         Reflect  .   j - +0 hat {SInv}
rElec    .         Harm     .   R - +2 cloak {Stlth+}
rCorr    .         Rampage  .   (no gloves)
Will     .....                  J - +1 pair of boots {run}
Stlth    ++++......             D - amulet of magic regeneration
HPRegen  0.25/turn              v - +6 ring of strength
MPRegen  0.44/turn              P - ring of wizardry

@: frozen ramparts, very slightly contaminated, invisible, quick
A: distributed training, fangs 1, strong nose
a: Channel Magic, Forget Spell, Divine Exegesis, Renounce Religion


You were on level 12 of the Dungeon.
You worshipped Sif Muna.
Sif Muna was extremely pleased with you.
You visited 2 branches of the dungeon, and saw 13 of its levels.

You collected 707 gold pieces.
You spent 546 gold pieces at shops.

Inventory:

Hand Weapons
 d - a +2 vorpal shortbow
 p - a +1 scimitar of flaming
 t - a +2 war axe of venom (weapon)
Missiles
 l - a throwing net
 m - 45 poisoned darts
 q - 228 arrows
 r - 110 bolts
 u - 7 atropa-tipped darts
 w - 2 javelins
 y - 293 stones
 z - 27 sling bullets
 E - 12 boomerangs
Armour
 j - a +0 hat of see invisible (worn)
 x - +0 acid dragon scales
 J - a +1 pair of boots of running (worn)
 O - +0 steam dragon scales (worn)
 R - a +2 cloak of stealth (worn)
Magical Staves
 a - an uncursed staff of air
 e - an uncursed staff of conjuration
Jewellery
 v - a +6 ring of strength (left hand)
 D - an amulet of magic regeneration (around neck)
 P - a ring of wizardry (right hand)
 Q - a cursed amulet of inaccuracy {unknown}
Wands
 B - a wand of disintegration (16)
 G - a wand of digging (1)
Scrolls
 b - 5 scrolls of enchant armour {unknown}
 f - 10 scrolls of remove curse
 g - 2 scrolls of vulnerability {unknown}
 i - 2 scrolls of magic mapping
 k - 10 scrolls of teleportation
 n - 3 scrolls of immolation
 s - a scroll of fear {unknown}
 C - 3 scrolls of identify
 F - a scroll of fog
 L - 2 scrolls of noise {unknown}
 M - a scroll of brand weapon {unknown}
Potions
 c - a potion of ambrosia {unknown}
 h - a potion of invisibility
 o - a potion of might
 A - a potion of haste
 H - a potion of flight
 I - a potion of attraction {unknown}
 N - 2 potions of brilliance {unknown}
 S - 2 potions of curing


   Skills:
 + Level 7.0 Fighting
 + Level 7.0 Short Blades
 + Level 7.0 Long Blades
 + Level 7.0 Axes
 + Level 7.0 Maces & Flails
 + Level 7.0 Polearms
 + Level 7.0 Staves
 + Level 7.0 Slings
 + Level 7.0 Bows
 + Level 7.0 Crossbows
 + Level 7.0 Throwing
 + Level 7.0 Armour
 + Level 8.4 Dodging
 + Level 8.2 Stealth
 + Level 7.0 Shields
 + Level 7.0 Unarmed Combat
 + Level 8.7 Spellcasting
 + Level 5.8 Conjurations
 + Level 5.8 Hexes
 + Level 5.8 Summonings
 + Level 5.8 Necromancy
 + Level 5.8 Translocations
 + Level 5.8 Transmutations
 + Level 5.8 Fire Magic
 + Level 9.2 Ice Magic
 + Level 5.8 Air Magic
 + Level 5.8 Earth Magic
 + Level 5.8 Poison Magic
 + Level 7.6 Invocations
 + Level 7.0 Evocations


You had 13 spell levels left.
You knew the following spells:

 Your Spells              Type           Power        Failure   Level
a - Freeze                Ice            ####         1%          1
b - Frozen Ramparts       Ice            #####.       1%          3
c - Ozocubu's Armour      Ice            #####...     1%          3
d - Hailstorm             Conj/Ice       #####...     1%          4
e - Summon Ice Beast      Ice/Summ       #####...     1%          4

Your spell library contained the following spells:

 Spells                   Type           Power        Failure   Level
 Bolt of Magma            Conj/Fire/Erth ####......   8%          5
 Iskenderun's Battlesphe  Conj           ####....     8%          5
 Iron Shot                Conj/Erth      ####......   38%         6
 Orb of Destruction       Conj           ####......   89%         7
 Spellforged Servitor     Conj/Summ      ####......   89%         7


Dungeon Overview and Level Annotations

Branches:
Dungeon (12/15)            Temple (1/1) D:5            Lair (0/6) D:10
    Orc (0/2) D:12

Altars:
Ashenzari
Cheibriados
Dithmenos
Elyvilon
Fedhas
Gozag
Hepliaklqana
Kikubaaqudgha
Nemelex Xobeh
Okawaru
Qazlal
Sif Muna
Trog
Uskayaw
Vehumet
Wu Jian
Xom
Yredelemnul
Zin
The Shining One
Beogh

Shops:
D:6 }}:?[   D:7 :   D:11 =

Annotations:
D:7 1 runed translucent door, Pooter's ghost, novice PaFi
D:12 Frances


Innate Abilities, Weirdness & Mutations

Your experience applies equally to all skills.
You have very sharp teeth.
Your uncanny sense of smell can sniff out nearby items.


Message History

You are very lightly contaminated with residual magic.
Casting: Frozen Ramparts (safe; 1% risk of failure)
Confirm with . or Enter, or press ? or * to list all spells.
Casting: Frozen Ramparts (safe; 1% risk of failure)
Press: ? - help, Dir - look around The walls around you are covered in ice.
The wall freezes Frances.
Frances completely misses you.
The ice devil completely resists.
The wall freezes the ice devil but do no damage.
The ice beast completely resists.
The wall freezes the ice beast but do no damage.
The red devil is frozen!
The wall freezes the red devil!
The wall freezes the chaos spawn!
You hit Frances. You bite Frances.
Frances is severely wounded.
You catch the helpless red devil completely off-guard!
You hit the red devil.
The red devil is poisoned.
The wall freezes Frances!
Frances screams a word of power!
The shard of ice hits you!!
You die...

##.#
##..##..........
#..#
##......#####..
##.# #..>#### #.##
#..## ##.# ##.##
#.# #..# #.###
####..#
####...####.4...#
##.......44@@....#
#.........Y#####..#
#..........# ##..#
#..#.......# ....
#..##.....†## .....
#. ##......# .....
# .........# ...
....#....#
....##.........#


You could see Frances (fast), an ice devil (summoned), a chaos spawn (summoned),
a red devil (summoned, very poisoned) and an ice beast.

Vanquished Creatures
  Erica (D:8)
  3 unseen horrors
  2 ugly things (D:11)
  Joseph (D:8)
  Maggie (D:8)
  3 kobold demonologists (D:11)
  A hornet (D:11)
  3 trolls
  A meliai zombie (D:12)
  2 wraiths
  Grum (D:8)
  2 steam dragons (D:9)
  Duvessa (D:7)
  A water moccasin (D:7)
  2 sky beasts
  11 orc warriors
  2 black bears
  2 ice beasts
  4 phantoms
  5 wolves
  6 ogres
  7 centaurs
  A big kobold (D:7)
  Dowan (D:7)
  3 bullfrogs
  A wyvern zombie (D:11)
  A scorpion (D:5)
  14 killer bees
  3 wights (D:10)
  3 howler monkeys
  An electric eel (D:10)
  A quasit (D:10)
  7 hounds
  A bullfrog zombie (D:12)
  7 orc priests
  A bullfrog skeleton (D:4)
  A jelly (D:9)
  7 orc wizards
  4 iguanas
  9 worker ants
  A killer bee zombie (D:10)
  A worker ant zombie (D:5)
  A howler monkey skeleton (D:6)
  13 adders
  A gnoll (D:1)
  2 white imps
  An ufetubus (D:7)
  An adder skeleton (D:9)
  4 worms
  A dart slug (D:2)
  5 leopard geckos
  58 orcs
  A ball python (D:4)
  5 bats
  6 giant cockroaches
  5 goblins
  2 hobgoblins
  4 jackals (D:2)
  9 quokkas
  9 kobolds
  A leopard gecko skeleton (D:8)
  11 rats
270 creatures vanquished.

Vanquished Creatures (collateral kills)
  The ghost of felt the Basher, a journeyman GnWn of Okawaru (D:9)
  Grinder (D:6)
  6 yaks (D:9)
  2 ice beasts
  2 phantoms
  An ogre (D:9)
  An electric eel (D:10)
  A hound (D:10)
  An adder (D:10)
  3 orcs (D:9)
19 creatures vanquished.

Grand Total: 289 creatures vanquished

Notes
Turn   | Place    | Note
-------+----------+-------------------------------------------
     0 | D:1      | robertstho the Gnoll Ice Elementalist began the quest for
                  | the Orb.
     0 | D:1      | Reached XP level 1. HP: 13/13 MP: 6/6
   183 | D:1      | Reached XP level 2. HP: 18/20 MP: 3/7
  1308 | D:2      | Reached XP level 3. HP: 22/25 MP: 7/9
  1343 | D:2      | Reached skill level 5 in Spellcasting
  1350 | D:2      | Reached skill level 1 in Invocations
  1581 | D:2      | Learned a level 3 spell: Frozen Ramparts
  1585 | D:2      | Learned a level 3 spell: Ozocubu's Armour
  1685 | D:2      | Found a hide-covered altar of Uskayaw.
  1877 | D:2      | Reached skill level 1 in Fighting
  1877 | D:2      | Reached skill level 1 in Short Blades
  1877 | D:2      | Reached skill level 1 in Long Blades
  1877 | D:2      | Reached skill level 1 in Axes
  1877 | D:2      | Reached skill level 1 in Maces & Flails
  1877 | D:2      | Reached skill level 1 in Polearms
  1877 | D:2      | Reached skill level 1 in Staves
  1877 | D:2      | Reached skill level 1 in Slings
  1877 | D:2      | Reached skill level 1 in Bows
  1877 | D:2      | Reached skill level 1 in Crossbows
  1877 | D:2      | Reached skill level 1 in Throwing
  1877 | D:2      | Reached skill level 1 in Armour
  1877 | D:2      | Reached skill level 1 in Shields
  1877 | D:2      | Reached skill level 1 in Unarmed Combat
  1877 | D:2      | Reached skill level 1 in Evocations
  1950 | D:2      | Found a hazy altar of Hepliaklqana.
  2405 | D:3      | Reached XP level 4. HP: 13/32 MP: 7/11
  2410 | D:3      | Reached skill level 1 in Conjurations
  2410 | D:3      | Reached skill level 1 in Hexes
  2410 | D:3      | Reached skill level 1 in Summonings
  2410 | D:3      | Reached skill level 1 in Necromancy
  2410 | D:3      | Reached skill level 1 in Translocations
  2410 | D:3      | Reached skill level 1 in Transmutations
  2410 | D:3      | Reached skill level 1 in Fire Magic
  2410 | D:3      | Reached skill level 1 in Air Magic
  2410 | D:3      | Reached skill level 1 in Earth Magic
  2410 | D:3      | Reached skill level 1 in Poison Magic
  3043 | D:3      | Reached XP level 5. HP: 22/37 MP: 8/12
  3300 | D:4      | Learned a level 4 spell: Hailstorm
  3429 | D:4      | Reached XP level 6. HP: 29/44 MP: 9/13
  3436 | D:4      | Learned a level 4 spell: Summon Ice Beast
  3588 | D:4      | Noticed a phantom
  3866 | D:4      | Reached skill level 5 in Dodging
  4282 | D:4      | Found a blossoming altar of Fedhas.
  4289 | D:4      | Reached XP level 7. HP: 46/50 MP: 11/15
  4320 | D:4      | Found a broken altar of Ashenzari.
  4709 | D:5      | Entered Level 5 of the Dungeon
  5020 | D:5      | Reached skill level 5 in Stealth
  5468 | D:5      | Reached XP level 8. HP: 55/57 MP: 12/16
  5597 | D:5      | Found a staircase to the Ecumenical Temple.
  5826 | Temple   | Entered the Ecumenical Temple
  5968 | Temple   | Became a worshipper of Sif Muna the Loreminder
  6125 | D:6      | Found Watu's Magic Scroll Boutique.
  6133 | D:6      | Bought a scroll of remove curse for 33 gold pieces
  6133 | D:6      | Bought a scroll of magic mapping for 38 gold pieces
  6133 | D:6      | Bought a scroll of identify for 22 gold pieces
  6133 | D:6      | Bought a scroll of identify for 22 gold pieces
  6133 | D:6      | Bought a scroll of teleportation for 33 gold pieces
  6133 | D:6      | Bought a scroll of immolation for 38 gold pieces
  6301 | D:6      | Noticed Grinder
  6325 | D:6      | Killed Grinder
  6467 | D:6      | Found Joehirgh's Book Emporium.
  6469 | D:6      | Found Jawiot's Antique Armour Shop.
  6516 | D:6      | Found Cejaexum's Gadget Shop.
  6568 | D:6      | Found a stormy altar of Qazlal.
  6638 | D:6      | Found Weoghauc's Gadget Emporium.
  6807 | D:6      | Noticed a moth of wrath
  6810 | D:6      | Found a bloodstained altar of Trog.
  7227 | D:6      | Found a shimmering blue altar of Sif Muna.
  7403 | D:7      | Reached XP level 9. HP: 38/65 MP: 9/18
  7442 | D:7      | Reached * piety under Sif Muna
  7903 | D:7      | Noticed Pooter's ghost (novice PaFi)
  7909 | D:7      | Found a runed translucent door.
  7960 | D:7      | Found a shimmering altar of Xom.
  8046 | D:7      | You fall into a shaft and drop 2 floors!
  8055 | D:9      | Reached skill level 8 in Ice Magic
  8118 | D:9      | Reached skill level 5 in Invocations
  8183 | D:8      | Found an opulent altar of Gozag.
  8400 | D:8      | Found a radiant altar of Vehumet.
  8452 | D:8      | Noticed Erica
  8464 | D:8      | Killed Erica
  8465 | D:8      | Reached skill level 5 in Fighting
  8465 | D:8      | Reached skill level 5 in Short Blades
  8465 | D:8      | Reached skill level 5 in Long Blades
  8465 | D:8      | Reached skill level 5 in Axes
  8465 | D:8      | Reached skill level 5 in Maces & Flails
  8465 | D:8      | Reached skill level 5 in Polearms
  8465 | D:8      | Reached skill level 5 in Staves
  8465 | D:8      | Reached skill level 5 in Slings
  8465 | D:8      | Reached skill level 5 in Bows
  8465 | D:8      | Reached skill level 5 in Crossbows
  8465 | D:8      | Reached skill level 5 in Throwing
  8465 | D:8      | Reached skill level 5 in Armour
  8465 | D:8      | Reached skill level 5 in Shields
  8465 | D:8      | Reached skill level 5 in Unarmed Combat
  8465 | D:8      | Reached skill level 5 in Evocations
  8465 | D:8      | Reached XP level 10. HP: 20/74 MP: 17/20
  8798 | D:8      | Noticed Grum
  8809 | D:8      | Killed Grum
  9175 | D:8      | Reached ** piety under Sif Muna
  9200 | D:8      | Found a white marble altar of Elyvilon.
  9508 | D:8      | Noticed Joseph
  9519 | D:8      | Killed Joseph
  9663 | D:8      | Identified a +1 pair of boots of running (You found it on
                  | level 8 of the Dungeon)
  9783 | D:8      | Noticed Maggie
  9792 | D:8      | Killed Maggie
 10032 | D:7      | Noticed Duvessa
 10032 | D:7      | Noticed Dowan
 10038 | D:7      | Killed Duvessa
 10039 | D:7      | Killed Dowan
 10426 | D:7      | Found Urphife Bote's Book Emporium.
 11290 | D:9      | Found a snail-covered altar of Cheibriados.
 11336 | D:9      | Found a runed translucent gate.
 11337 | D:9      | Found a runed translucent gate.
 11338 | D:9      | Found a runed translucent gate.
 11338 | D:9      | Identified the +4 chain mail of Icumal {Regen+ rCorr Dex+4}
 11340 | D:9      | Noticed felt's ghost (journeyman GnWn)
 11344 | D:9      | Found a roughly hewn altar of Beogh.
 11373 | D:9      | Reached XP level 11. HP: 81/81 MP: 7/22
 11377 | D:9      | Reached *** piety under Sif Muna
 11417 | D:9      | Killed felt's ghost
 11418 | D:9      | Reached skill level 5 in Conjurations
 11418 | D:9      | Reached skill level 5 in Hexes
 11418 | D:9      | Reached skill level 5 in Summonings
 11418 | D:9      | Reached skill level 5 in Necromancy
 11418 | D:9      | Reached skill level 5 in Translocations
 11418 | D:9      | Reached skill level 5 in Transmutations
 11418 | D:9      | Reached skill level 5 in Fire Magic
 11418 | D:9      | Reached skill level 5 in Air Magic
 11418 | D:9      | Reached skill level 5 in Earth Magic
 11418 | D:9      | Reached skill level 5 in Poison Magic
 11746 | D:10     | Entered Level 10 of the Dungeon
 11965 | D:10     | Found a staircase to the Lair.
 12228 | D:10     | Noticed an unseen horror
 12240 | D:10     | Killed an unseen horror
 12812 | D:10     | Reached skill level 9 in Ice Magic
 12863 | D:10     | Reached **** piety under Sif Muna
 13463 | D:11     | Noticed an unseen horror
 13476 | D:11     | Killed an unseen horror
 13544 | D:11     | Noticed a sixfirhy
 14100 | D:11     | Noticed a red ugly thing
 14114 | D:11     | Killed a red ugly thing
 14124 | D:11     | Found Zythe's Jewellery Shoppe.
 14130 | D:11     | Bought an uncursed ring of wizardry for 360 gold pieces
 14233 | D:11     | Reached ***** piety under Sif Muna
 14316 | D:11     | Noticed a brown ugly thing
 14327 | D:11     | Killed a brown ugly thing
 14328 | D:11     | Reached XP level 12. HP: 89/89 MP: 24/24
 14849 | D:12     | Found a staircase to the Orcish Mines.
 14958 | D:12     | Noticed Frances
 14986 | D:12     | Killed from afar by Frances

Illustrated notes

Levels and vault maps discovered:
D:1:      wander_arrival_estate, layout_basic, minmay_misc_feat_secret_circle,
          hex_tiny, st_stairs_8, minmay_circled_x
D:2:      layout_basic, eat_drink_and_be_merry_uskayaw,
          overflow_temple_1_default, nrook_campfire
D:3:      layout_loops_ring
D:4:      layout_loops_ring, minitemple
D:5:      layout_basic, minmay_temple_entry_enclosed_plants
D:6:      kennysheep_orc_sif_temple, layout_loops_ring, lemuel_round_altar,
          tgw_trog, serial_shops, shop, shop, shop_fountains,
          nicolae_shop_trees, kennysheep_mini, kennysheep_generic_room_3,
          uniq_grinder
D:7:      layout_layer_cave, kennysheep_mini_moat, serial_shops, shop,
          hellmonk_ghost_happy_afterlife, uniq_duvessa
D:8:      layout_basic, chequers_temple_overflow_statue_of_worship,
          elyvilon_altar_5, uniq_erica, uniq_joseph, uniq_grum, uniq_maggie
D:9:      cheibrodos_steamvent, layout_rooms, marbit_many_paths,
          biasface_ghost_orc_armoury
D:10:     layout_gridville, erik_lair_island
D:11:     layout_basic, serial_shops, shop, minmay_holes
D:12:     minmay_outward_triangles, layout_layer_cave, orc_0_dummy,
          chequers_serial_rivers_micro_b, minivault_21, uniq_frances
Temple:   minmay_temple_curvy_loop

Skill      XL: |  1  2  3  4  5  6  7  8  9 10 11 12 |
---------------+-------------------------------------+-----
Spellcasting   | 5 6 7 8 |  8.7
Invocations    | 1 2 3 4 5 6 7 |  7.6
Fighting       | 1 2 3 5 6 7 |  7.0
Short Blades   | 1 2 3 5 6 7 |  7.0
Long Blades    | 1 2 3 5 6 7 |  7.0
Axes           | 1 2 3 5 6 7 |  7.0
Maces & Flails | 1 2 3 5 6 7 |  7.0
Polearms       | 1 2 3 5 6 7 |  7.0
Staves         | 1 2 3 5 6 7 |  7.0
Slings         | 1 2 3 5 6 7 |  7.0
Bows           | 1 2 3 5 6 7 |  7.0
Crossbows      | 1 2 3 5 6 7 |  7.0
Throwing       | 1 2 3 5 6 7 |  7.0
Armour         | 1 2 3 5 6 7 |  7.0
Shields        | 1 2 3 5 6 7 |  7.0
Unarmed Combat | 1 2 3 5 6 7 |  7.0
Evocations     | 1 2 3 5 6 7 |  7.0
Conjurations   | 1 2 3 4 5 |  5.8
Hexes          | 1 2 3 4 5 |  5.8
Summonings     | 1 2 3 4 5 |  5.8
Necromancy     | 1 2 3 4 5 |  5.8
Translocations | 1 2 3 4 5 |  5.8
Transmutations | 1 2 3 4 5 |  5.8
Fire Magic     | 1 2 3 4 5 |  5.8
Air Magic      | 1 2 3 4 5 |  5.8
Earth Magic    | 1 2 3 4 5 |  5.8
Poison Magic   | 1 2 3 4 5 |  5.8
Dodging        | 5 6 7 8 |  8.4
Stealth        | 5 6 7 8 |  8.2
Ice Magic      | 8 9 |  9.2

Action                   |  1- 3 |  4- 6 |  7- 9 | 10-12 || total
-------------------------+-------+-------+-------+-------++-------
Melee: Unarmed           |     3 |       |       |     2 ||     5
       Dagger            |    70 |    36 |       |       ||   106
       Bite              |    10 |     5 |    15 |    15 ||    45
       War axe           |       |    28 |   138 |   153 ||   319
       Punch             |       |       |       |     4 ||     4
       Scimitar          |       |       |       |     7 ||     7
 Fire: Shortbow          |       |       |       |   307 ||   307
 Cast: Freeze            |    23 |     1 |     1 |     3 ||    28
       Frozen Ramparts   |       |    11 |    13 |    33 ||    57
       Summon Ice Beast  |       |     2 |    16 |    28 ||    46
       Hailstorm         |       |       |     2 |    21 ||    23
Invok: Channel Magic     |       |       |     1 |     1 ||     2
  Use: Potion            |       |     1 |     3 |     3 ||     7
       Scroll            |       |       |     3 |     8 ||    11
 Stab: Sleeping          |     6 |     5 |    14 |    10 ||    35
       Distracted        |       |       |     2 |     1 ||     3
       Invisible         |       |       |       |     1 ||     1
Armor: Robe              |    13 |     7 |    11 |     6 ||    37
       Acid dragon scale |       |       |       |    22 ||    22
       Steam dragon scal |       |       |       |    80 ||    80
Dodge: Dodged            |    74 |    50 |   145 |   340 ||   609
       Rpst.: Scimitar   |       |       |       |     1 ||     1

Table legend: (Time is in decaauts)
 A = Elapsed time spent in this place.
 B = Non-inter-level travel time spent in this place.
 C = Inter-level travel time spent in this place.
 D = Time resting spent in this place.
 E = Time spent auto-exploring this place.
 F = Levels seen in this place.
 G = Mean time per level.
                   A        B        C        D        E       F      G
               +--------+--------+--------+--------+--------+-----+--------+
         Total |  14825 |  14426 |    399 |    376 |  11656 |  13 | 1140.4 |
       Dungeon |  14664 |  14302 |    362 |    376 |  11533 |  12 | 1222.0 |
        Temple |    160 |    124 |     36 |      0 |    123 |   1 |  160.0 |
               +--------+--------+--------+--------+--------+-----+--------+

Top non-repeatable levels by time:
     D:8: 1814 daAuts
    D:10: 1783 daAuts
     D:4: 1464 daAuts
     D:6: 1397 daAuts
     D:7: 1264 daAuts
     D:9: 1224 daAuts
     D:1: 1212 daAuts
     D:5: 1155 daAuts
     D:2: 1111 daAuts
    D:11: 1028 daAuts
     D:3: 930 daAuts
    D:12: 278 daAuts
  Temple: 160 daAuts
